 Dungeon Crawl Stone Soup version 0.18-a0-750-g37044d6 (webtiles) character file.

4805 HandofTrog the Cudgeler (level 10, -1/100 HPs)
             Began as a Troll Fighter on Dec 11, 2015.
             Was an Elder of Okawaru.
             Slain by a troll (7 damage)
             ... on level 9 of the Dungeon.
             The game lasted 00:38:05 (7289 turns).

HandofTrog the Cudgeler (Troll Fighter)             Turns: 7289, Time: 00:38:05

Health: -1/100     AC:  6    Str: 26    XL:     10   Next: 24%
Magic:  11/11      EV: 10    Int:  7    God:    Okawaru [****..]
Gold:   479        SH: 10    Dex:  9    Spells: 0 memorised, 9 levels left

rFire  . . .     SeeInvis .     A - +0 morningstar (holy)
rCold  . . .     Clarity  .     a - +0 robe
rNeg   . . .     SustAt   .     b - +0 shield
rPois  .         Gourm    +     (helmet restricted)
rElec  .         Spirit   .     C - +0 cloak
rCorr  .         Dismiss  .     (gloves unavailable)
rMut   .         Stasis   .     (boots unavailable)
MR     .....                    (no amulet)
Stlth  +.........               (no ring)
                                u - ring of invisibility

@: very slightly contaminated, invisible, not resistant to hostile enchantments,
very unstealthy
A: unfitting armour, claws 3, fast metabolism 3, gourmand, regeneration 2,
shaggy fur 1, tough skin 2
a: Heroism, Renounce Religion


You were on level 9 of the Dungeon.
You worshipped Okawaru.
Okawaru was greatly pleased with you.
You were not hungry.

You visited 1 branch of the dungeon, and saw 9 of its levels.
You also visited: Ossuary.

You collected 479 gold pieces.

Inventory:

Hand Weapons
 t - a +1 spear of freezing
 w - a +0 hunting sling of flaming
 y - a +0 giant spiked club
 A - a +0 morningstar of holy wrath (weapon)
 H - a cursed +2 scimitar of electrocution
 I - a +1 mace of holy wrath
Missiles
 h - 14 sling bullets of flame
Armour
 a - a +0 robe (worn)
 b - a +0 shield (worn)
 C - a +0 cloak (worn)
Jewellery
 u - a ring of invisibility (left claw)
Wands
 p - a wand of fire (9)
 x - a wand of enslavement (9)
 B - a wand of enslavement (13)
Scrolls
 c - a scroll of identify
 f - a scroll of noise {unknown}
 i - 6 scrolls of remove curse {unknown}
 j - 5 scrolls of teleportation
 l - a scroll of immolation {unknown}
 q - 4 scrolls of recharging {unknown}
 r - 2 scrolls of magic mapping {unknown}
 s - 3 scrolls of blinking {unknown}
 F - 3 scrolls of enchant weapon {unknown}
 L - a scroll of random uselessness {unknown}
Potions
 e - a potion of agility
 g - a potion of invisibility
 k - 3 potions of magic
 o - 2 potions of curing
 z - a potion of flight
 E - a potion of poison
 J - a potion of haste
Comestibles
 d - 7 bread rations
 m - 5 meat rations
 v - 8 fruits
 D - a slice of pizza


   Skills:
 - Level 6.4 Fighting
 + Level 6.6 Maces & Flails
 - Level 6.1 Dodging
 - Level 6.1 Shields
 - Level 3.1 Unarmed Combat
 - Level 3.6 Evocations


You had 9 spell levels left.
You didn't know any spells.

Dungeon Overview and Level Annotations

Branches:
Dungeon (9/15)             Temple (0/1) D:5            Lair (0/8) D:8
    Orc: D:9-12

Altars:
Cheibriados
Fedhas
Kikubaaqudgha
Makhleb
Okawaru
Ru
Sif Muna
Xom

Shops:
D:8 *


Innate Abilities, Weirdness & Mutations

You are too large for most types of armour.
You have claws for hands.
Your metabolism is lightning-fast.
You like to eat raw meat.
You heal very quickly.
You are covered in fur (AC +1).
You have very tough skin (AC +2).


Message History

The troll barely misses you. The troll claws you.
* * * LOW HITPOINT WARNING * * *
The troll barely misses you.
You are very lightly contaminated with residual magic.
Things that are here:
a large rock; a giant club; a giant spiked club Throwing (i - inventory):
n - a large rock (quivered)
Press: ? - help, Shift-Dir - straight line, f - troll
Aim: a troll You throw a large rock.
The large rock hits the troll!
The troll is moderately wounded.
You strike the helpless troll from behind!
You hit the troll.
The troll is heavily wounded.
The troll bites you!
* * * LOW HITPOINT WARNING * * *
The troll misses you. The troll claws you!
* * * LOW HITPOINT WARNING * * *
You block the troll's attack. The troll claws you!
You die...

)# #.# #.# #.# #....... .#
#.# #.# #.# #.######
.#####)# #.# #.######.# #
.......# #.# #.[......# #
.#####.#####.######.######.#
# .# #.....(.(......# #.# #
.# #.#####........# #.# # .#
#.# #...T....# #.# # .# #.#
#....@...# #.# # .# #.#
#........# #.# # .#
#.#####........######.######
.#
#..[........................
.#
#.#######.#########.########
.#####.# #.# #.# # ....).o#
#.# #.# # .#####.# #.# #.# #
.# #o# #.# #.# #


You could see a troll.

Vanquished Creatures
  2 two-headed ogres (D:9)
  Grinder (D:6)
  Sigmund (D:6)
  3 orc warriors
  3 ice beasts
  A water moccasin (D:6)
  2 sky beasts
  3 centaurs (D:6)
  A crocodile (D:8)
  5 ogres
  A wasp (D:9)
  An eye of draining (D:8)
  9 giant frogs
  5 scorpions
  8 wights
  A quasit (D:8)
  A hound (D:6)
  3 crimson imps
  2 orc priests (D:9)
  2 centaur skeletons
  2 jellies (D:8)
  5 orc wizards
  Crazy Yiuf (D:6)
  4 iguanas
  5 worker ants
  3 mummies (Ossuary)
  Robin (D:4)
  A worker ant zombie (D:9)
  7 gnolls
  9 adders
  4 shadow imps
  2 oozes (D:2)
  An adder skeleton (D:5)
  4 adder zombies (Ossuary)
  3 giant geckos
  25 orcs
  4 giant cockroaches
  21 goblins
  9 hobgoblins
  19 jackals
  4 quokkas
  2 ball pythons
  7 bats
  A giant cockroach zombie (D:3)
  A giant gecko skeleton (D:4)
  4 giant newts
  A gnoll zombie (Ossuary)
  5 goblin zombies (Ossuary)
  3 hobgoblin zombies (Ossuary)
  12 kobolds
  A kobold zombie (Ossuary)
  An orc zombie (Ossuary)
  A quokka skeleton (D:5)
  2 quokka zombies (Ossuary)
  4 rats
  A rat zombie (Ossuary)
235 creatures vanquished.

Vanquished Creatures (others)
  5 plants (D:6)
5 creatures vanquished.

Grand Total: 240 creatures vanquished

Notes
Turn   | Place    | Note
--------------------------------------------------------------
     0 | D:1      | HandofTrog the Troll Fighter began the quest for the Orb.
     0 | D:1      | Reached XP level 1. HP: 22/22 MP: 0/0
   100 | D:1      | Reached XP level 2. HP: 29/29 MP: 1/1
   485 | D:2      | Reached skill level 3 in Fighting
   485 | D:2      | Reached XP level 3. HP: 34/37 MP: 2/2
   572 | D:2      | Found a deep blue altar of Sif Muna.
   580 | D:2      | Found a shimmering altar of Xom.
   580 | D:2      | Found a burning altar of Makhleb.
   659 | D:2      | Reached XP level 4. HP: 42/45 MP: 3/3
  1196 | D:3      | Reached XP level 5. HP: 53/53 MP: 4/4
  1278 | D:3      | Noticed an ogre
  1308 | D:3      | Killed an ogre
  1308 | D:3      | Reached skill level 4 in Fighting
  1605 | D:4      | Noticed Robin
  1628 | D:4      | Reached XP level 6. HP: 62/62 MP: 5/5
  1636 | D:4      | Killed Robin
  1673 | D:4      | Reached skill level 1 in Evocations
  2115 | D:4      | Found a sacrificial altar of Ru.
  2116 | D:4      | Found a snail-covered altar of Cheibriados.
  2117 | D:4      | Found an ancient bone altar of Kikubaaqudgha.
  2117 | D:4      | Found an iron altar of Okawaru.
  2125 | D:4      | Became a worshipper of Warmaster Okawaru
  2140 | D:5      | Entered Level 5 of the Dungeon
  2148 | D:5      | Reached XP level 7. HP: 70/70 MP: 8/8
  2323 | D:5      | Found a staircase to the Ecumenical Temple.
  3204 | D:6      | Noticed Sigmund
  3206 | D:6      | Reached * piety under Okawaru
  3223 | D:6      | Killed Sigmund
  3223 | D:6      | Reached XP level 8. HP: 46/79 MP: 9/9
  3245 | D:6      | Reached skill level 5 in Fighting
  3417 | D:6      | Found a sand-covered staircase.
  3423 | Ossuary  | Entered an ossuary
  3677 | D:6      | Found a blossoming altar of Fedhas.
  3785 | D:6      | Noticed Grinder
  3792 | D:6      | Killed Grinder
  3792 | D:6      | Reached ** piety under Okawaru
  3792 | D:6      | Reached skill level 5 in Dodging
  3792 | D:6      | Reached skill level 5 in Shields
  3879 | D:6      | Noticed Crazy Yiuf
  3887 | D:6      | Killed Crazy Yiuf
  3983 | D:6      | Reached XP level 9. HP: 48/89 MP: 10/10
  4574 | D:7      | Reached skill level 6 in Fighting
  4708 | D:7      | Reached *** piety under Okawaru
  5301 | D:8      | Reached skill level 1 in Maces & Flails
  5575 | D:8      | Found a staircase to the Lair.
  5768 | D:8      | Found Exkal's Assorted Antiques.
  6518 | D:9      | Reached **** piety under Okawaru
  6518 | D:9      | Reached skill level 5 in Maces & Flails
  6518 | D:9      | Reached XP level 10. HP: 28/100 MP: 11/11
  6650 | D:9      | Received a gift from Okawaru
  7289 | D:9      | Slain by a troll

Vault maps used:
D:1:      eino_arrival_tree_alley
D:2:      minitemple, first_bread
D:4:      grunt_temple_overflow_open, uniq_robin
D:5:      temple_statues, minmay_misc_feat_plants
D:6:      lightli_ossuary_entry_decrepit_ruins, kennysheep_small_spiral,
          fedhas_altar_decomposition, uniq_crazy_yiuf_cottage, uniq_sigmund,
          uniq_grinder
D:8:      lair_0_dummy, serial_shops, nicolae_shop_stone
D:9:      marbit_many_paths
Ossuary:  ossuary_minmay_chase

Action                   |  1- 3 |  4- 6 |  7- 9 | 10-12 || total
-------------------------+-------+-------+-------+-------++-------
Melee: Unarmed           |   123 |   216 |   520 |       ||   859
       Morningstar       |       |       |    58 |    67 ||   125
       Mace              |       |       |    22 |       ||    22
Throw: Tomahawk          |       |     3 |    18 |       ||    21
       Large rock        |       |       |       |     4 ||     4
  Use: Scroll            |       |       |    11 |       ||    11
       Potion            |       |       |    10 |     2 ||    12
 Stab: Sleeping          |       |     1 |       |       ||     1
       Distracted        |       |       |     1 |     1 ||     2
       Invisible         |       |       |       |     1 ||     1
  Eat: Chunk             |    10 |    15 |    35 |     4 ||    64
       Bread ration      |       |       |     1 |       ||     1
       Beef jerky        |       |       |     1 |       ||     1
